 Dungeon Crawl Stone Soup version 0.24.0-2-g5b39cebb1c (webtiles) character file.

Game seed: 2844671775679199240, levelgen mode: deterministic

28 ventricule the Sneak (level 3, 0/20 HPs)
             Began as a Deep Elf Assassin on Oct 30, 2019.
             Slain by a bat (1 damage)
             ... on level 1 of the Dungeon.
             The game lasted 00:01:08 (783 turns).

ventricule the Sneak (Deep Elf Assassin)             Turns: 783, Time: 00:01:09

Health: 0/20       AC:  3    Str:  8    XL:     3   Next: 0%
Magic:  5/5        EV: 13    Int: 16    God:
Gold:   83         SH:  0    Dex: 16    Spells: 2/2 levels left

rFire    . . .     SeeInvis .   a - +2 dagger
rCold    . . .     Gourm    .   (no shield)
rNeg     . . .     Faith    .   b - +0 robe
rPois    .         Spirit   .   (no helmet)
rElec    .         Reflect  .   c - +0 cloak
rCorr    .         Harm     .   (no gloves)
MR       .....                  (no boots)
Stlth    +++.......             (no amulet)
HPRegen  0.06/turn              (no ring)
MPRegen  0.09/turn              (no ring)

@: no status effects
A: no striking features
a: no special abilities


You were on level 1 of the Dungeon.
You were not hungry.

You visited 1 branch of the dungeon, and saw 2 of its levels.

You collected 83 gold pieces.

Inventory:

Hand Weapons
 a - a +2 dagger (weapon)
Missiles
 f - 2 curare-tipped darts
 Q - 18 stones (quivered)
Armour
 b - a +0 robe (worn)
 c - a +0 cloak (worn)
Scrolls
 i - a scroll of teleportation {unknown}
Potions
 h - 2 potions of heal wounds {unknown}
 j - 3 potions of curing {unknown}
 k - a potion of might {unknown}
Comestibles
 e - a ration


   Skills:
 - Level 1.5 Fighting
 + Level 2.4 Short Blades
 + Level 2.4 Throwing
 + Level 2.0 Dodging
 + Level 5.2 Stealth


You had 2 spell levels left.
You didn't know any spells.
Your spell library was empty.

Dungeon Overview and Level Annotations

Branches:
Dungeon (2/15)

Altars:
Cheibriados


Message History

You throw a poisoned dart.
The poisoned dart barely misses the goblin.
The goblin barely misses you.
Throwing (i - inventory. (/) - cycle)
d - 2 poisoned darts (quivered)
Aim: a goblin You throw a poisoned dart.
The poisoned dart hits the goblin.
The goblin is poisoned.
The bat hits you but does no damage. The goblin barely misses you.
Throwing (i - inventory. (/) - cycle)
d - a poisoned dart (quivered)
Aim: a bat (severely wounded)
You throw a poisoned dart. The poisoned dart hits the bat.
The bat hits you but does no damage. The goblin hits you.
* * * LOW HITPOINT WARNING * * *
You take 1 damage, and have 1/20 hp.
You barely miss the goblin. The bat misses you. The bat barely misses you.
Throwing (i - inventory)
Q - 19 stones (quivered)
Aim: a bat (heavily wounded)
You throw a stone. The stone misses the bat.
The bat hits you.
You die...

####....###..............
.....[..# #[.............#
........# #..............#
........# #..............#
........###..............#
..........'..............#
........###.......(......#
.........................>
#.#########....b@g(.....(#
#.# #.......)......# #.#
#..........(....#
#.########.######.#..###.#
.........#. #.....# #
#>##..##.#. ......#
####.....# #.#......
##รท##.# .. .....#. ###>.#
... #....#


You could see a goblin and a bat.

Levels and vault maps discovered:
D:1:      onia_arrival_handbag, layout_basic, nrook_mini_backslash
D:2:      layout_basic, first_ration, kennysheep_slug_shrine

Notes
Turn   | Place    | Note
-------+----------+-------------------------------------------
     0 | D:1      | ventricule the Deep Elf Assassin began the quest for the
                  | Orb.
     0 | D:1      | Reached XP level 1. HP: 12/12 MP: 3/3
    92 | D:1      | Reached skill level 5 in Stealth
    92 | D:1      | Reached XP level 2. HP: 16/16 MP: 4/4
   100 | D:1      | Identified a +0 club
   338 | D:1      | You fall into a shaft and drop 1 floor!
   358 | D:2      | Found a snail-covered altar of Cheibriados.
   368 | D:2      | Identified a +0 club
   436 | D:1      | Reached skill level 2 in Dodging
   652 | D:1      | Identified a +0 club
   763 | D:1      | Identified a +0 club
   775 | D:1      | HP: 2/16 [goblin (3)]
   776 | D:1      | Reached XP level 3. HP: 3/20 MP: 5/5
   780 | D:1      | HP: 1/20 [goblin (1)]
   783 | D:1      | Slain by a bat

Table legend:
 A = Turns spent in this place as a percentage of turns spent in the entire game.
 B = Non-inter-level travel turns spent in this place as a percentage of non-inter-level travel turns spent in the entire game.
 C = Inter-level travel turns spent in this place as a percentage of turns spent in this place.
 D = Turns resting spent in this place as a percentage of non-inter-level travel turns spent in this place.
 E = Turns spent auto-exploring this place as a percentage of non-inter-level travel turns spent in this place.
 F = Non-inter-level travel turns spent in this place divided by the number of levels of this place that you've seen.
                   A       B       C       D       E      F
               +-------+-------+-------+-------+-------+----------------------
         Total | 100.0 | 100.0 |   0.5 |  43.0 |  36.8 | 389.5
       Dungeon | 100.0 | 100.0 |   0.5 |  43.0 |  36.8 | 389.5
               +-------+-------+-------+-------+-------+----------------------

Table legend:
 A = Kills in this place as a percentage of kills in entire the game.
 B = Kills by you in this place as a percentage of kills by you in the entire game.
 C = Kills by friends in this place as a percentage of kills by friends in the entire game.
 D = Other kills in this place as a percentage of other kills in the entire game.
 E = Experience gained in this place as a percentage of experience gained in the entire game.
 F = Experience gained in this place divided by the number of levels of this place that you have seen.
                   A       B       C       D       E      F
               +-------+-------+-------+-------+-------+----------------------
         Total | 100.0 | 100.0 |   N/A |   N/A | 100.0 |  20.5
       Dungeon | 100.0 | 100.0 |   N/A |   N/A | 100.0 |  20.5
               +-------+-------+-------+-------+-------+----------------------

Skill      XL: |  1  2 |
---------------+-------+-----
Stealth        | 5 |  5.2
Dodging        | 2 |  2.0
Fighting       | |  1.5
Short Blades   | |  2.4
Throwing       | |  2.4

Action                   || total
-------------------------++-------
Melee: Dagger            ||    61
Throw: Dart              ||    12
       Stone             ||     1
 Stab: Sleeping          ||     6
Armor: Robe              ||    15
Dodge: Dodged            ||    35

Vanquished Creatures
  2 oozes (D:1)
  A dart slug (D:1)
  4 goblins
  4 hobgoblins
  A frilled lizard (D:1)
  A kobold (D:1)
  5 rats (D:1)
18 creatures vanquished.
